 Dungeon Crawl Stone Soup version 0.30-a0-218-gedb9141078 (webtiles) character file.

Game seed: 4657070906763428769

14671 heikuro the Carver (level 12, -15/96 HPs)
             Began as a Formicid Fighter on Aug 12, 2022.
             Was an Elder of Okawaru.
             Collided with a stone wall (18 damage)
             ... caused by a rakshasa
             ... on level 9 of the Dungeon on Oct 5, 2022.
             The game lasted 00:41:06 (11957 turns).

heikuro the Carver (Formicid Fighter)              Turns: 11957, Time: 00:41:07

Health: -15/96     AC: 18    Str: 24    XL:     12   Next: 48%
Magic:  16/17      EV: 16    Int:  4    God:    Okawaru [****..]
Gold:   650        SH: 16    Dex: 18    Spells: 11/11 levels left

rFire   . . .      SeeInvis +    a - +5 dagger of the Unspeakable One {elec, rC+ Dex+3}
rCold   + + .      Faith    .    Y - +1 kite shield of Ugidual {Will+ Int-4 Stlth+}
rNeg    . . .      Spirit   .    T - +4 scale mail "Toragh" {rC+ rCorr}
rPois   .          Reflect  .    (helmet unavailable)
rElec   .          Harm     .    I - +0 cloak
rCorr   +          Rampage  .    c - +0 pair of gloves
Will    ++...                    q - +0 pair of boots
Stlth   +++.......               (no amulet)
HPRegen 0.36/turn                m - +4 ring of evasion
MPRegen 0.15/turn                D - +4 ring of slaying

@: heroic
A: permanent stasis, dig shafts and tunnels, antennae 3, four strong arms
a: Dig, Shaft Self, Renounce Religion, Heroism, Finesse


You were on level 9 of the Dungeon.
You worshipped Okawaru.
Okawaru was greatly pleased with you.
You visited 2 branches of the dungeon, and saw 10 of its levels.

You collected 650 gold pieces.

Inventory:

Hand Weapons
 a - the +5 dagger of the Unspeakable One (weapon) {elec, rC+ Dex+3}
   (You found it on level 2 of the Dungeon)

   It occasionally discharges a powerful burst of electricity upon striking a
   foe.
   Dex:       It affects your dexterity (+3).
   rC:        It protects you from cold.
 b - the +9 sling "Opoq" {freeze, rPois Will+ Stlth-}
   (You found it on level 9 of the Dungeon)

   Any ammunition fired from it freezes those it strikes, dealing additional
   cold damage.
   It can also slow down cold-blooded creatures.
   rPois:     It protects you from poison.
   Will:      It increases your willpower.
   Stlth:     It makes you less stealthy.
 x - a +3 short sword of venom
 R - a +2 long sword of flaming
Missiles
 w - 6 poisoned darts (quivered)
 S - a throwing net
 V - a curare-tipped dart
 W - 9 stones
Armour
 c - a +0 pair of gloves (worn)
 q - a +0 pair of boots (worn)
 I - a +0 cloak (worn)
 M - the +6 ring mail "Ycsiluonn" {rC+++ Will+ Dex-4}
   (You took it off an orc on level 6 of the Dungeon)

   Dex:       It affects your dexterity (-4).
   rC:        It renders you almost immune to cold.
   Will:      It increases your willpower.
 T - the +4 scale mail "Toragh" (worn) {rC+ rCorr}
   (You found it on level 8 of the Dungeon)

   rC:        It protects you from cold.
   rCorr:     It protects you from acid and corrosion.
 Y - the +1 kite shield of Ugidual (worn) {Will+ Int-4 Stlth+}
   (Okawaru gifted it to you on level 8 of the Dungeon)

   Int:       It affects your intelligence (-4).
   Will:      It increases your willpower.
   Stlth:     It makes you more stealthy.
Jewellery
 m - a +4 ring of evasion (left hand)
 s - a ring of resist corrosion
 B - the ring of Elyvilon's Whim {Fly Str-5 Int+8 Dex+6 Stlth-}
   (You found it on level 4 of the Dungeon)

   [ring of dexterity]

   Str:       It affects your strength (-5).
   Int:       It affects your intelligence (+8).
   Dex:       It affects your dexterity (+6).
   Fly:       It grants you flight.
   Stlth:     It makes you less stealthy.
 D - a +4 ring of slaying (right hand)
 P - a ring of protection from fire
Wands
 o - a wand of acid (1)
 z - a wand of polymorph (4)
 O - a wand of flame (21)
 Q - a wand of digging (2)
Scrolls
 f - a scroll of immolation
 g - 4 scrolls of enchant armour
 h - a scroll of brand weapon {unknown}
 k - a scroll of silence {unknown}
 p - a scroll of torment {unknown}
 r - 3 scrolls of magic mapping {unknown}
 y - 2 scrolls of amnesia {unknown}
 G - 2 scrolls of blinking {unknown}
 H - 2 scrolls of noise {unknown}
 J - 2 scrolls of fog
 L - 2 scrolls of enchant weapon {unknown}
 N - 3 scrolls of fear {unknown}
 X - a scroll of identify
Potions
 d - 3 potions of might
 e - a potion of magic
 i - 3 potions of flight
 j - 3 potions of heal wounds
 l - 2 potions of cancellation
 n - a potion of mutation {unknown}
 t - 2 potions of curing
 u - 2 potions of brilliance {unknown}
 v - 3 potions of haste {unknown}
 C - 4 potions of degeneration {unknown}
 E - a potion of ambrosia {unknown}
 F - 2 potions of resistance
 K - 2 potions of lignification {unknown}
 U - 2 potions of berserk rage {unknown}


   Skills:
 + Level 9.6(14.6) Fighting
 * Level 11.8(16.8) Long Blades
 + Level 3.1(8.1) Ranged Weapons
 + Level 9.6(14.6) Armour
 + Level 11.4(16.4) Shields
 + Level 6.9 Invocations


You had 11 spell levels left.
You didn't know any spells.
Your spell library contained the following spells:

 Spells                   Type           Power      Damage    Failure   Level
 Momentum Strike          Conj/Tloc      0%         3d8       94%         2
 Static Discharge         Conj/Air       0%         2-2/arc   94%         2
 Kindle Blastsparks       Fire/Tloc/Air  0%         2d10      99%         3
 Lesser Beckoning         Tloc           0%         N/A       99%         3
 Vhi's Electric Charge    Tloc/Air       0%         N/A       99%         3
 Fulminant Prism          Conj/Hex       0%         3d6       100%        4
 Iskenderun's Mystic Bla  Conj/Tloc      0%         2d3       100%        4
 Arcjolt                  Conj/Air       0%         1d10      100%        5
 Lee's Rapid Deconstruct  Erth           0%         3d5*      100%        5
 Lightning Bolt           Conj/Air       0%         1d11      100%        5
 Blink                    Tloc           Unusable   N/A       N/A         2

Dungeon Overview and Level Annotations

Branches:
Dungeon (9/15)             Temple (1/1) D:6            Lair (0/5) D:9
    Orc (0/2) D:9

Altars:
Dithmenos
Elyvilon
Fedhas
Hepliaklqana
Kikubaaqudgha
Makhleb
Nemelex Xobeh
Okawaru
Qazlal
Sif Muna
Uskayaw
Wu Jian
Xom
Yredelemnul

Shops:
D:1 (   D:7 ?   D:9 *(


Innate Abilities, Weirdness & Mutations

You cannot be hasted, slowed, berserked, paralysed or teleported.
You can dig through walls and to a lower floor.
You have a pair of large antennae on your head. (SInv)
Your four strong arms can wield two-handed weapons with a shield.


Message History

Unknown command.
You puncture the manticore!
Lightning courses through the manticore!
You kill the manticore!
The manticore's corpse shimmers and vanishes!
Unknown command.
You hit the manticore.
The manticore is lightly wounded.
The rakshasa hits you from afar with a +0 trident!
The manticore bites you!
* * * LOW HITPOINT WARNING * * *
You block the manticore's attack. The manticore barely misses you.
Unknown command.
You hit the manticore.
Lightning courses through the manticore!!
The manticore is heavily wounded.
Unknown command.
You hit the manticore.
Lightning courses through the manticore!!
The manticore is almost dead.
You block the rakshasa's attack.
The manticore bites you but does no damage.
The manticore misses you. You block the manticore's attack.
Unknown command.
You hit the manticore.
You kill the manticore!
Okawaru accepts your kill.
The barbs in your skin will harm you if you move.
Continue?
The barbed spikes dig painfully into your body as you move.
* * * LOW HITPOINT WARNING * * *
The barbed spikes snap loose.
You block the rakshasa's attack.
You see here an inky potion.
You hit the rakshasa but do no damage. The rakshasa gestures at you.
The lance of force hits you!
* * * LOW HITPOINT WARNING * * *
You are knocked back by the lance of force.
You slam into the stone wall!
You die...

.....#......#..#....).#......~♣♣♣
...>.#......#..#......#.......♣~♣
.....#..#####..#####).#.........#
.....#......#..#......#.........#
.....#......#..#....[.#........##
#....#####..#..#..#####........#.
♣....#...#..#..#..#(.)#........#.
♣....#.8)#..#..#..#$}[#........#.
~....#.[)'..#..#@.'!R?#........#.
~....########..########........#.
♣..............................#.
#...................##########.#.
#....)...♣..........# #.#.
#..#####~~♣######...# #.##
♣..##~~♣♣~P♣....#...# #...
♣♣.#♣♣~~~~~~~...#...##########...
♣♣P~♣♣~≈~~~P♣....................


You could see a rakshasa.

Vanquished Creatures
  A two-headed ogre (D:9)
  9 death yaks
  Pikel (D:7)
  A manticore (D:9)
  Joseph (D:7)
  Maurice (D:8)
  The ghost of bchevrier the Ducker, a novice GnWn of Nemelex Xobeh (D:4)
  Maggie (D:7)
  A kobold demonologist (D:9)
  A hornet (D:9)
  Sigmund (D:4)
  A shadow (D:9)
  2 yaks (D:9)
  A wyvern (D:9)
  2 steam dragons
  Edmund (D:4)
  2 water moccasins
  An acid dragon (D:9)
  2 black bears (D:7)
  2 ice beasts (D:7)
  5 orc warriors
  4 ogres
  7 centaurs
  A phantom (D:4)
  2 necrophages
  A kobold brigand (D:8)
  7 bullfrogs
  A gnoll sergeant (D:7)
  7 scorpions
  A wight (D:8)
  20 killer bees
  2 howler monkeys (D:8)
  5 electric eels (D:9)
  4 quasits (D:4)
  3 hounds
  A jelly (D:7)
  Crazy Yiuf (D:5)
  6 orc priests
  2 gnoll boudas
  3 iguanas
  5 orc wizards
  Natasha (twice) (D:4)
  15 gnolls
  An orc zombie (D:6)
  7 adders
  2 gnoll zombies (D:6)
  A worm (D:2)
  A dart slug (D:2)
  31 orcs
  5 endoplasms
  11 giant cockroaches
  6 goblins
  3 hobgoblins
  4 quokkas
  10 ball pythons
  7 bats
  4 frilled lizards
  4 kobolds
  5 rats
240 creatures vanquished.

Vanquished Creatures (others)
  A kobold (D:8)
  3 fungi (D:5)
  33 plants
37 creatures vanquished.

Grand Total: 277 creatures vanquished

Notes
Turn   | Place    | Note
-------+----------+-------------------------------------------
     0 | D:1      | heikuro the Formicid Fighter began the quest for the Orb.
     0 | D:1      | Reached XP level 1. HP: 18/18 MP: 1/1
   252 | D:1      | Reached XP level 2. HP: 23/24 MP: 2/2
   252 | D:1      | Upgraded the game from 0.29-a0-1027-gcd8c55af63 to
                  | 0.30-a0-218-gedb9141078
   275 | D:1      | Found a faded altar of an unknown god.
   375 | D:1      | Found Astohaabb's Antique Weapon Boutique.
   768 | D:2      | Identified the +5 dagger of the Unspeakable One {elec, rC+
                  | Dex+3}
   877 | D:2      | Reached XP level 3. HP: 29/29 MP: 3/3
  1088 | D:2      | Reached XP level 4. HP: 37/37 MP: 4/4
  1923 | D:3      | Noticed a water moccasin
  1928 | D:3      | Killed a water moccasin
  1929 | D:3      | Reached skill level 5 in Shields
  1929 | D:3      | Reached XP level 5. HP: 40/42 MP: 5/5
  2219 | D:3      | Reached XP level 6. HP: 48/48 MP: 6/6
  2486 | D:4      | Noticed bchevrier's ghost (novice GnWn)
  2486 | D:4      | Found a transporter.
  2539 | D:4      | Found a transporter.
  2732 | D:4      | Noticed Natasha
  2736 | D:4      | Killed Natasha
  2808 | D:4      | Noticed Sigmund
  2815 | D:4      | Killed Sigmund
  2816 | D:4      | Reached XP level 7. HP: 46/55 MP: 7/7
  2872 | D:4      | Reached skill level 5 in Long Blades
  3099 | D:4      | Noticed Natasha
  3108 | D:4      | Killed Natasha
  3164 | D:4      | Reached skill level 5 in Fighting
  3164 | D:4      | Reached skill level 5 in Armour
  3181 | D:4      | Noticed Edmund
  3193 | D:4      | Killed Edmund
  3194 | D:4      | Reached XP level 8. HP: 56/62 MP: 8/8
  3722 | D:5      | Entered Level 5 of the Dungeon
  3988 | D:5      | Reached XP level 9. HP: 69/69 MP: 9/9
  4077 | D:5      | Found a runed translucent door.
  4078 | D:5      | Noticed Crazy Yiuf
  4086 | D:5      | Killed Crazy Yiuf
  4431 | D:6      | Found a transporter.
  4677 | D:6      | Identified the +6 ring mail "Ycsiluonn" {rC+++ Will+ Dex-4}
  4846 | D:6      | Found a staircase to the Ecumenical Temple.
  4852 | Temple   | Entered the Ecumenical Temple
  4858 | Temple   | Became a worshipper of Warmaster Okawaru
  5321 | D:6      | Found a transporter.
  5523 | D:7      | Noticed Pikel
  5530 | D:7      | Killed Pikel
  5681 | D:7      | Noticed Maggie
  5704 | D:7      | Killed Maggie
  5704 | D:7      | Reached * piety under Okawaru
  5705 | D:7      | Reached skill level 1 in Invocations
  5705 | D:7      | Reached XP level 10. HP: 54/79 MP: 10/10
  5974 | D:7      | Noticed Joseph
  5980 | D:7      | Killed Joseph
  6209 | D:7      | Found Arayn's Magic Scroll Shoppe.
  6335 | D:7      | Reached ** piety under Okawaru
  6894 | D:8      | Identified the +4 scale mail "Toragh" {rC+ rCorr}
  7141 | D:8      | Noticed Maurice
  7181 | D:8      | Killed Maurice
  7443 | D:8      | Reached *** piety under Okawaru
  7744 | D:9      | Found a staircase to the Orcish Mines.
  7745 | D:9      | Found Mogg's Weapon Shoppe.
  7856 | D:8      | Reached XP level 11. HP: 74/84 MP: 14/14
  8096 | D:4      | Killed bchevrier's ghost
  8097 | D:4      | Reached skill level 10 in Long Blades
  8108 | D:4      | Identified the ring of Elyvilon's Whim {Fly Str-5 Int+8
                  | Dex+6 Stlth-}
  8801 | D:9      | Noticed a two-headed ogre
  8833 | D:9      | Reached skill level 10 in Shields
  8972 | D:9      | Reached **** piety under Okawaru
  8987 | D:9      | Reached skill level 5 in Invocations
  9011 | D:9      | Identified the +9 sling "Opoq" {freeze, rPois Will+ Stlth-}
  9081 | D:9      | Killed a two-headed ogre
  9585 | D:9      | Reached ***** piety under Okawaru
  9758 | D:9      | Noticed a death yak
  9782 | D:9      | Killed a death yak
  9783 | D:9      | Reached skill level 1 in Ranged Weapons
  9833 | D:9      | Noticed a death yak
  9837 | D:9      | Noticed a death yak
  9927 | D:8      | Killed a death yak
  9927 | D:8      | Identified the +1 kite shield of Ugidual {Will+ Int-4
                  | Stlth+} (Okawaru gifted it to you on level 8 of the
                  | Dungeon)
  9927 | D:8      | Received a gift from Okawaru
 10163 | D:9      | Killed a death yak
 10331 | D:9      | Noticed a death yak
 10331 | D:9      | Noticed a death yak
 10332 | D:9      | Noticed a death yak
 10332 | D:9      | Noticed a death yak
 10374 | D:9      | HP: 1/89 [centaur/arrow (11)]
 10382 | D:9      | Noticed a death yak
 10388 | D:9      | Killed a death yak
 10389 | D:9      | Reached XP level 12. HP: 5/95 MP: 8/16
 10389 | D:9      | HP: 3/95 [centaur/arrow (3)]
 10654 | D:9      | Noticed a death yak
 10677 | D:8      | Killed a death yak
 10827 | D:8      | Killed a death yak
 10959 | D:8      | Killed a death yak
 11010 | D:8      | Killed a death yak
 11331 | D:9      | Killed a death yak
 11516 | D:9      | Found a staircase to the Lair.
 11594 | D:9      | Found Dalo's Neck Hole.
 11946 | D:9      | Noticed a rakshasa
 11957 | D:9      | HP: 3/96 [rakshasa/lance of force (13)]
 11957 | D:9      | Collided with a stone wall

Illustrated notes

Levels and vault maps discovered:
D:1:      psy_arrival_statuary, layout_loops_cross,
          chequers_ecumenical_altar_island, serial_shops,
          nicolae_shop_statue_plus, st_stairs_14
D:2:      layout_basic
D:3:      minmay_roachtagon, layout_loops_corners, minmay_quantized
D:4:      layout_loops_corners, serial_bayou, serial_bayou_pond_b,
          serial_bayou_shore_b, serial_bayou_pond_c, serial_bayou_pond_a,
          serial_bayou_ford_a, gammafunk_ghost_stat_death, uniq_sigmund,
          uniq_natasha, uniq_edmund
D:5:      layout_rooms, uniq_crazy_yiuf_cottage
D:6:      gammafunk_cloud_chamber, layout_basic, minmay_temple_entry_hall
D:7:      layout_basic, serial_shops, kennysheep_mini_moat,
          nicolae_hexahallways, grunt_ogre_cave, uniq_pikel, uniq_maggie,
          uniq_joseph
D:8:      layout_basic, wad_rectangle_vault, uniq_maurice
D:9:      kennysheep_windowed_halls, layout_irregular_city, dpeg_lair_monsters,
          orc_david_3, serial_bayou, serial_bayou_pond_e, serial_bayou_pond_e,
          serial_bayou_lake_a, serial_bayou_lagoon_b,
          nicolae_shop_sticking_my_neck_out
Temple:   eino_narrow_crystal_temple

Skill      XL: |  1  2  3  4  5  6  7  8  9 10 11 12 |
---------------+-------------------------------------+-----
Long Blades    | 3 4 5 6 8 9 11 | 11.8
Fighting       | 4 5 6 7 8 9 |  9.6
Armour         | 4 5 6 7 8 9 |  9.6
Shields        | 5 6 7 8 9 10 11 | 11.4
Invocations    | 1 4 6 |  6.9
Ranged Weapons | 1 3 |  3.1

Action                   |  1- 3 |  4- 6 |  7- 9 | 10-12 || total
-------------------------+-------+-------+-------+-------++-------
Melee: Long sword        |    52 |       |       |       ||    52
       Dagger            |    25 |   106 |   255 |   480 ||   866
       Short sword       |       |       |       |    69 ||    69
 Fire: Sling             |       |       |       |    26 ||    26
Throw: Dart              |       |       |     4 |     1 ||     5
Invok: Heroism           |       |       |       |     6 ||     6
       Finesse           |       |       |       |     2 ||     2
 Abil: Dig               |     3 |       |       |     1 ||     4
Evoke: Wand              |       |       |       |     1 ||     1
  Use: Scroll            |     1 |       |     5 |     3 ||     9
       Potion            |       |       |       |     5 ||     5
Armor: Scale mail        |    35 |    18 |    30 |   100 ||   183
       Ring mail         |       |       |     9 |    40 ||    49
Dodge: Dodged            |    39 |    32 |    86 |   255 ||   412
Block: Buckler           |    30 |    15 |       |       ||    45
       Kite shield       |       |    21 |   109 |   347 ||   477

Table legend: (Time is in decaauts)
 A = Elapsed time spent in this place.
 B = Non-inter-level travel time spent in this place.
 C = Inter-level travel time spent in this place.
 D = Time resting spent in this place.
 E = Time spent auto-exploring this place.
 F = Levels seen in this place.
 G = Mean time per level.
                   A        B        C        D        E       F      G
               +--------+--------+--------+--------+--------+-----+--------+
         Total |  11899 |  10911 |    988 |   2842 |   5291 |  10 | 1189.9 |
       Dungeon |  11716 |  10740 |    976 |   2842 |   5134 |   9 | 1301.8 |
        Temple |    182 |    170 |     12 |      0 |    157 |   1 |  182.0 |
               +--------+--------+--------+--------+--------+-----+--------+

Top non-repeatable levels by time:
     D:8: 2309 daAuts
     D:9: 2166 daAuts
     D:4: 1422 daAuts
     D:7: 1314 daAuts
     D:6: 1218 daAuts
     D:2: 919 daAuts
     D:3: 888 daAuts
     D:1: 738 daAuts
     D:5: 736 daAuts
  Temple: 182 daAuts
